 Dungeon Crawl Stone Soup version 0.19.5 (webtiles) character file.

200 miragecloak the Stinger (level 5, 0/33 HPs)
             Began as an Octopode Transmuter on May 3, 2017.
             Slain by a gnoll
             ... wielding a +0 club
              (2 damage)
             ... on level 3 of the Dungeon.
             The game lasted 00:02:48 (2188 turns).

miragecloak the Stinger (Octopode Transmuter)       Turns: 2188, Time: 00:02:49

Health: 0/33       AC:  2    Str: 10    XL:     5   Next: 78%
Magic:  6/8        EV: 20    Int: 15    God:
Gold:   110        SH:  0    Dex: 18    Spells: 2 memorised, 4 levels left

rFire  . . .     SeeInvis .       - Unarmed
rCold  . . .     Gourm    .     (shield currently unavailable)
rNeg   + . .     Faith    .     (helmet currently unavailable)
rPois  x         Spirit   .     (no amulet)
rElec  .         Reflect  .     j - ring of positive energy
rCorr  .         Harm     .     (no ring)
MR     .....                    (no ring)
Stlth  ++........               (no ring)
                                (no ring)
                                (no ring)
                                (no ring)
                                (no ring)

@: spider-form
A: almost no armour, stealthy swim, (amphibious), 8 rings, (constrict 8),
(camouflage 0), (gelatinous body 0)
a: End Transformation


You were on level 3 of the Dungeon.
You were hungry.
You were a venomous arachnid creature.
You visited 1 branch of the dungeon, and saw 3 of its levels.

You collected 110 gold pieces.

Inventory:

Missiles
 a - 59 arrows
Jewellery
 j - a ring of positive energy (left front leg)
Scrolls
 e - a scroll of fear {unknown}
 f - a scroll of immolation {unknown}
 g - a scroll of fog {unknown}
 k - 2 scrolls of amnesia {unknown}
 m - a scroll of remove curse {unknown}
 r - a scroll of identify {unknown}
Potions
 d - a potion of cure mutation {unknown}
 h - 3 potions of curing {unknown}
 i - a potion of magic {unknown}
 l - a potion of resistance {unknown}
 p - a potion of degeneration {unknown}
 q - 2 potions of flight {unknown}
Books
 b - a book of Changes

   Spells                             Type                      Level
   a - Beastly Appendage              Transmutation                1
   b - Sticks to Snakes               Transmutation                2
   c - Spider Form                    Transmutation/Poison         3
   d - Ice Form                       Ice/Transmutation            4
   e - Blade Hands                    Transmutation                5
Comestibles
 c - 4 bread rations
 n - 3 fruits
 o - 3 meat rations


   Skills:
 - Level 1.0 Fighting
 - Level 2.0 Dodging
 - Level 3.0 Unarmed Combat
 - Level 2.0 Spellcasting
 - Level 4.2 Transmutations
 + Level 4.4 Poison Magic


You had 4 spell levels left.
You knew the following spells:

 Your Spells              Type           Power        Failure   Level  Hunger
a - Beastly Appendage     Tmut           ##....       14%         1    #......
b - Spider Form           Tmut/Pois      ##........   32%         3    ###....


Dungeon Overview and Level Annotations

Branches:
Dungeon (3/15)

Altars:


Innate Abilities, Weirdness & Mutations

You cannot wear most types of armour.
You are very stealthy in the water. (Stealth+)
((You are amphibious.))
You can wear up to eight rings at the same time.
((You can use your tentacles to constrict eight enemies at once.))
((Your skin changes colour to match your surroundings (Stealth+).))
((Your rubbery body absorbs attacks. (AC +1, EV +1)))


Message History

The gnoll is moderately wounded.
The gnoll completely misses you.
You hit the gnoll.
The gnoll looks even sicker.
The gnoll is heavily wounded.
The gnoll completely misses you.
You barely miss the gnoll.
The gnoll is heavily wounded.
The gnoll misses you.
You hit the gnoll.
The gnoll looks as sick as possible!
The gnoll is severely wounded.
The gnoll misses you.
You hit the gnoll but do no damage.
The gnoll looks as sick as possible!
The gnoll is almost dead.
You kill the gnoll!
The bat misses you.
You closely miss the bat. The bat closely misses you.
The gnoll throws a javelin.
The javelin hits you!
* * * LOW HITPOINT WARNING * * *
The gnoll hits you with a club.
You die...

.........#..#
#.#.######..#
#.######..#
#.........# #
########.## ###
#. #.# #...#.#
#.#
......b#######.#
.....8gs((...((#
.......#########
....... .......
..>.... .......
.....8. .......


You could see a gnoll and a bat.

Vanquished Creatures
  Natasha (twice) (D:2)
  2 adders
  6 gnolls
  An adder zombie (D:3)
  3 dart slugs (D:1)
  2 leopard geckos
  3 orcs (D:3)
  4 bats
  11 goblins
  8 hobgoblins
  6 jackals
  10 kobolds
  A frilled lizard (D:1)
  5 rats
64 creatures vanquished.

Notes
Turn   | Place    | Note
-------+----------+-------------------------------------------
     0 | D:1      | miragecloak the Octopode Transmuter began the quest for the Orb.
     0 | D:1      | Reached XP level 1. HP: 13/13 MP: 3/3
    41 | D:1      | Reached XP level 2. HP: 14/18 MP: 3/5
   560 | D:1      | Reached XP level 3. HP: 23/23 MP: 4/6
   926 | D:2      | Learned a level 3 spell: Spider Form
   983 | D:2      | Noticed Natasha
   988 | D:2      | Killed Natasha
   988 | D:2      | Reached XP level 4. HP: 24/28 MP: 3/7
  1002 | D:2      | Reached skill level 1 in Poison Magic
  1140 | D:2      | Noticed Natasha
  1151 | D:2      | Killed Natasha
  1151 | D:2      | Reached XP level 5. HP: 10/33 MP: 5/8
  1744 | D:3      | Noticed a hippogriff
  2188 | D:3      | Slain by a gnoll

Skill      XL: |  1  2  3  4  5 |
---------------+----------------+-----
Transmutations | 3 4 |  4.2
Poison Magic   | 2 4 |  4.4
Fighting       | |  1.0
Dodging        | |  2.0
Unarmed Combat | |  3.0
Spellcasting   | |  2.0

Action                   |  1- 3 |  4- 6 || total
-------------------------+-------+-------++-------
Melee: Unarmed           |    75 |    88 ||   163
       Constrict         |    18 |     3 ||    21
       Kick              |    10 |       ||    10
       Tentacles         |    10 |     3 ||    13
 Cast: Beastly Appendage |    16 |       ||    16
       Spider Form       |     1 |    14 ||    15
 Stab: Sleeping          |     6 |     2 ||     8
  Eat: Chunk             |     1 |     5 ||     6
Armor: Skin              |     5 |     7 ||    12
Dodge: Dodged            |    53 |    76 ||   129
